 Dungeon Crawl Stone Soup version 0.25-a0-513-ge77a69270c (webtiles) character file.

Game seed: 12516939888415663648, levelgen mode: deterministic

864 Eurus the Magician (level 7, -7/53 HPs)
             Began as a Mummy Conjurer on Feb 16, 2020.
             Mangled by Grinder (10 damage)
             ... on level 4 of the Dungeon.
             The game lasted 00:15:13 (6883 turns).

Eurus the Magician (Mummy Conjurer)                 Turns: 6883, Time: 00:15:13

Health: -7/53      AC:  5    Str: 12    XL:     7   Next: 72%
Magic:  2/15       EV: 12    Int: 16    God:
Gold:   375        SH:  0    Dex: 12    Spells: 9/16 levels left

rFire    x . .     SeeInvis .   e - +1 dagger
rCold    + . .     Gourm    .   (no shield)
rNeg     + + +     Faith    .   a - +0 robe
rPois    ∞         Spirit   .   b - +2 hat
rElec    .         Reflect  .   (no cloak)
rCorr    .         Harm     .   m - +0 pair of gloves
MR       .....                  (no boots)
Stlth    ++........             (no amulet)
HPRegen  0.17/turn              (no ring)
MPRegen  0.14/turn              (no ring)

@: about to teleport
A: no food or potions, fire vulnerability, cold resistance 1, negative energy
resistance 3, torment resistance, unbreathing
a: no special abilities


You were on level 4 of the Dungeon.
You were not hungry.

You visited 2 branches of the dungeon, and saw 6 of its levels.

You collected 375 gold pieces.

Inventory:

Hand Weapons
 e - a +1 dagger (weapon)
Armour
 a - a +0 robe (worn)
 b - a +2 hat (worn)
 g - a +2 robe of positive energy
 h - a +2 leather armour of magic resistance
 m - a +0 pair of gloves (worn)
 q - a +0 tower shield of reflection
 r - a cursed +0 kite shield
Jewellery
 j - a +2 ring of evasion {unknown}
Wands
 n - a wand of scattershot (5)
Scrolls
 c - a scroll of enchant weapon
 d - 5 scrolls of identify
 f - 6 scrolls of remove curse
 k - a scroll of immolation
 l - a scroll of teleportation
 o - a scroll of blinking {unknown}
 p - a scroll of amnesia {unknown}
 s - 3 scrolls of fear {unknown}


   Skills:
 + Level 3.7 Fighting
 + Level 2.6 Armour
 - Level 1.5 Dodging
 - Level 1.5 Stealth
 + Level 5.3 Spellcasting
 + Level 5.0 Conjurations
 + Level 2.7 Translocations


You had 9 spell levels left.
You knew the following spells:

 Your Spells              Type           Power        Failure   Level  Hunger
a - Magic Dart            Conj           ###.         1%          1    N/A
b - Searing Ray           Conj           ###...       2%          2    N/A
c - Iskenderun's Mystic   Conj/Tloc      ###.....     30%         4    N/A

Your spell library contained the following spells:

 Spells                   Type           Power        Failure   Level  Hunger
 Dazzling Flash           Conj/Hex       ##....       16%         3    N/A
 Fulminant Prism          Conj/Hex       ##........   45%         4    N/A

Dungeon Overview and Level Annotations

Branches:
Dungeon (5/15)             Temple (1/1) D:4

Altars:
Cheibriados
Dithmenos
Fedhas
Hepliaklqana
Kikubaaqudgha
Makhleb
Nemelex Xobeh
Okawaru
Qazlal
Ru
Sif Muna
Trog
Vehumet
Wu Jian
Xom
Yredelemnul
The Shining One

Annotations:
D:4 Grinder
D:5 Menkaure


Innate Abilities, Weirdness & Mutations

You do not eat or drink.
Your flesh is vulnerable to fire.
You are immune to poison.
Your flesh is cold resistant. (rC+)
You are immune to negative energy. (rN+++)
You are immune to unholy pain and torment.
You can survive without breathing.


Message History

As you read the scroll labeled REMA GOGRYG, it crumbles to dust.
It is a scroll of identify.
f - 6 scrolls of remove curse Grinder hits you.
* * * LOW HITPOINT WARNING * * *
As you read the scroll labeled GANLAE JUAGIUN, it crumbles to dust.
The creatures around you are filled with an inner flame!
It was a scroll of immolation.
Grinder barely misses you.
As you read the scroll labeled POCRAU YLERI, it crumbles to dust.
You feel strangely unstable.
It was a scroll of teleportation.
Grinder hits you.
* * * LOW HITPOINT WARNING * * *
As you read the scroll labeled YGUMNU HODU, it crumbles to dust.
It is a scroll of enchant weapon.
Your +0 dagger glows red for a moment.
Grinder closely misses you.
As you read the scroll labeled KUIKHA YLUXKYWK, it crumbles to dust.
It is a scroll of enchant armour.
Your dyed leather armour glows green for a moment.
Grinder hits you!
You die...

.......##.#
..#.#####.#
..#.....#.# ####
...####...####..#
.....###........##
..P..............#
P.PPP..#.........#
.P_PP............#
PPPPP.###......5@#
.PPP..# #........#
......# #........#
......# #........#
......###..###.####
................[.#
.###.###..#.......#
####.###..........#
..........###.#####


You could see Grinder (inner flame).

Vanquished Creatures
  Edmund (D:4)
  A phantom (D:4)
  2 big kobolds (D:3)
  A hound (D:3)
  3 orc priests
  5 orc wizards
  A worker ant (D:3)
  2 hound skeletons (D:5)
  2 adders (D:2)
  2 gnolls (D:5)
  A shadow imp (D:5)
  An ooze (D:2)
  An adder skeleton (D:4)
  6 worms (D:2)
  2 leopard geckos
  27 orcs
  3 ball pythons
  3 giant cockroaches (D:1)
  11 goblins
  11 hobgoblins
  4 jackals (D:2)
  4 quokkas
  17 bats
  10 frilled lizards
  11 kobolds
  A leopard gecko zombie (D:5)
  9 rats
  A fungus (D:4)
143 creatures vanquished.

Vanquished Creatures (others)
  A bat (D:2)
  6 toadstools (D:4)
7 creatures vanquished.

Grand Total: 150 creatures vanquished

Notes
Turn   | Place    | Note
-------+----------+-------------------------------------------
     0 | D:1      | Eurus the Mummy Conjurer began the quest for the Orb.
     0 | D:1      | Reached XP level 1. HP: 13/13 MP: 4/4
   291 | D:1      | Reached XP level 2. HP: 20/20 MP: 0/5
   671 | D:1      | Reached skill level 1 in Fighting
   805 | D:1      | Learned a level 2 spell: Searing Ray
   908 | D:1      | Reached XP level 3. HP: 26/26 MP: 4/7
  1351 | D:2      | Found a radiant altar of Vehumet.
  1784 | D:2      | Reached XP level 4. HP: 32/32 MP: 4/9
  1869 | D:2      | Learned a level 4 spell: Iskenderun's Mystic Blast
  1985 | D:2      | Found a bloodstained altar of Trog.
  2698 | D:3      | Found a bloodstained altar of Trog.
  3213 | D:3      | Reached skill level 1 in Translocations
  3213 | D:3      | Reached XP level 5. HP: 35/38 MP: 5/10
  3608 | D:3      | Reached skill level 1 in Armour
  3923 | D:3      | Reached XP level 6. HP: 43/46 MP: 2/12
  4599 | D:4      | Found a staircase to the Ecumenical Temple.
  4677 | D:4      | Found a blossoming altar of Fedhas.
  4756 | Temple   | Entered the Ecumenical Temple
  5289 | D:4      | Reached XP level 7. HP: 52/52 MP: 11/14
  5629 | D:5      | Entered Level 5 of the Dungeon
  5633 | D:5      | Noticed Edmund
  5660 | D:5      | Noticed Grinder
  5879 | D:5      | Noticed Menkaure
  5934 | D:4      | Reached skill level 5 in Spellcasting
  6509 | D:4      | Killed Edmund
  6860 | D:5      | Paralysed by Grinder for 4 turns
  6874 | D:5      | Reached skill level 5 in Conjurations
  6881 | D:4      | HP: 2/53 [Grinder (6)]
  6883 | D:4      | Mangled by Grinder

Levels and vault maps discovered:
D:1:      minmay_arrival_diagonal_passages, layout_basic,
          minmay_stone_trees_small
D:2:      layout_rooms, fiery_altar_vehumet, dk_noncrumbling_4,
          trog_butcher_becter
D:3:      cheibrodos_thug_alley, layout_basic, bloody_trog
D:4:      layout_rooms, minmay_temple_entry_sparse_star, first_ration,
          minmay_gold_behind_fungi, fedhas_altar_3
D:5:      layout_cave_pools, nicolae_overflow_crystal_walls,
          gammafunk_ghost_stat_death, uniq_grinder, uniq_menkaure, uniq_edmund
Temple:   regret_index_temple_waves

Skill      XL: |  1  2  3  4  5  6  7 |
---------------+----------------------+-----
Spellcasting   | 3 4 5 |  5.3
Fighting       | 1 2 3 |  3.7
Conjurations   | 4 5 |  5.0
Translocations | 1 2 |  2.7
Armour         | 1 2 |  2.6
Dodging        | |  1.5
Stealth        | |  1.5

Action                   |  1- 3 |  4- 6 |  7- 9 || total
-------------------------+-------+-------+-------++-------
Melee: Club              |    18 |       |       ||    18
       Unarmed           |     4 |       |       ||     4
       Dagger            |    40 |    97 |    18 ||   155
 Cast: Magic Dart        |    54 |    79 |    15 ||   148
       Searing Ray       |     5 |    29 |    17 ||    51
  Use: Scroll            |       |       |     5 ||     5
 Stab: Sleeping          |     2 |     2 |       ||     4
Armor: Robe              |    35 |    31 |    15 ||    81
Dodge: Dodged            |    62 |    85 |    38 ||   185

Table legend:
 A = Non-vault XP
 B = Vault XP
 C = Vault XP percentage of total XP
 D = Non-vault monster count
 E = Vault monster count
 F = Vault count percentage of total count
                 A         B        C        D         E       F
            +---------+---------+-------+---------+---------+-------
      Total |     855 |     380 |  30.8 |     126 |      16 |  11.3
            +---------+---------+-------+---------+---------+-------
        D:1 |      47 |       0 |   0.0 |      29 |       0 |   0.0
        D:2 |     110 |       8 |   6.8 |      34 |       4 |  10.5
        D:3 |     226 |     210 |  48.2 |      33 |      11 |  25.0
        D:4 |     305 |     162 |  34.7 |      19 |       1 |   5.0
        D:5 |     167 |       0 |   0.0 |      11 |       0 |   0.0
            +---------+---------+-------+---------+---------+-------
